Match 32459509
Unlisted

Match 32459509
End
Panzerpioneer Squad
250 Light Carrier
Selects Italian Combined Arms Battlegroup
Selects Bersaglieri Squad
Panzerpioneer Squad
Panzergrenadier Squad
250 Light Carrier
Construct Light Support Kompanie
Construct Mechanized Kompanie
Panzerjäger Mechanized Group
Selects Semovente da 75/18 Assault Gun
Semovente da 75/18 Assault Gun
Vehicle Survival Package
Tungsten Core Ammunition
Construct Panzerarmee Kommand
Microsoft Outlook
Microsoft Office Excel
Microsoft Office Word
StaRadian((
KokiGer
dnjsxorla36
0
0

Comments sign in to comment!

No comments posted yet!